 Dungeon Crawl Stone Soup version 0.24-a0-582-g4d4af813a0 (webtiles) character file.

Game seed: 15681341813515870681

806 Flugkiller the Transmogrifier (level 7, -1/30 HPs)
             Began as a Felid Transmuter on Aug 27, 2019.
             Was a Believer of Ru.
             Killed by divine providence
             ... invoked by an orc priest
              (14 damage)
             ... on level 6 of the Dungeon.
             The game lasted 00:17:59 (11087 turns).

Flugkiller the Transmogrifier (Felid Transmuter)   Turns: 11087, Time: 00:18:00

Health: -1/30      AC:  2    Str:  6    XL:     7   Next: 60%
Magic:  9/12       EV: 24    Int: 16    God:    Ru [**....]
Gold:   418        SH:  0    Dex: 22    Spells: 1/12 levels left
                                        Lives:  0   Deaths: 2

rFire    . . .     SeeInvis +     - Unarmed
rCold    . . .     Gourm    .   (shield unavailable)
rNeg     . . .     Faith    .   (armour unavailable)
rPois    x         Spirit   .   (helmet unavailable)
rElec    .         Reflect  .   (cloak unavailable)
rCorr    .         Harm     .   (gloves unavailable)
MR       +....                  (boots unavailable)
Stlth    +.........             (no amulet)
HPRegen  0.10/turn              v - ring of attention (curse)
MPRegen  0.13/turn              w - +3 ring of slaying

@: spider-form
A: tiny, no armour, no weapons or thrown items, stealth, see invisible,
carnivore, mutation resistance 1, slow metabolism 1, inability to use devices
a: End Transformation, Renounce Religion


You were on level 6 of the Dungeon.
You worshipped Ru.
Ru was pleased with you.
You were completely stuffed.
You were a venomous arachnid creature.
You visited 1 branch of the dungeon, and saw 6 of its levels.
You also visited: Ossuary.

You collected 418 gold pieces.

Inventory:

Missiles
 a - 50 arrows
 A - a throwing net
Jewellery
 i - an uncursed ring of protection from fire
   (You found it on level 1 of the Dungeon)
 r - an uncursed ring of protection from cold
   (You found it on level 3 of the Dungeon)
 s - an uncursed ring of positive energy
   (You found it on level 4 of the Dungeon)
 v - a cursed ring of attention (left front leg)
   (You found it on level 4 of the Dungeon)
 w - a +3 ring of slaying (right front leg)
   (You found it on level 4 of the Dungeon)
Scrolls
 b - 2 scrolls of remove curse
 d - a scroll of magic mapping
 h - 2 scrolls of amnesia {unknown}
 m - a scroll of fog
 n - 6 scrolls of identify
 o - a scroll of blinking {unknown}
 q - 5 scrolls of teleportation
 x - a scroll of vulnerability {unknown}
 y - a scroll of immolation {unknown}
Potions
 e - 2 potions of haste
 f - 2 potions of heal wounds
 g - a potion of agility
 j - 3 potions of flight
 k - 7 potions of curing
 l - a potion of resistance
 p - a potion of magic {unknown}
 t - a potion of brilliance
 u - a potion of might
 z - a potion of invisibility {unknown}
Comestibles
 c - 13 rations


   Skills:
 - Level 2.9 Fighting
 - Level 4.7 Dodging
 - Level 2.0 Stealth
 - Level 5.0 Unarmed Combat
 - Level 3.0 Spellcasting
 + Level 8.6 Transmutations


You had one spell level left.
You knew the following spells:

 Your Spells              Type           Power        Failure   Level  Hunger
a - Beastly Appendage     Tmut           ####..       3%          1    #......
b - Sticks to Snakes      Tmut           ####....     4%          2    ##.....
c - Spider Form           Tmut/Pois      ###.......   24%         3    ###....
d - Blade Hands           Tmut           ####......   32%         5    ######.

Your spell library contained the following spells:

 Spells                   Type           Power        Failure   Level  Hunger
 Ice Form                 Ice/Tmut       ###.....     52%         4    #####..


Dungeon Overview and Level Annotations

Branches:
Dungeon (6/15)            Ossuary (visited)
 Temple: D:4-7

Altars:
Ashenzari
Elyvilon
Gozag
Okawaru
Ru
Vehumet
Zin

Annotations:
D:2 exclusion: 2 goblins
D:5 5 runed translucent doors


Innate Abilities, Weirdness & Mutations

You cannot wear armour.
You are incapable of wielding weapons or throwing items.
Your paws allow you to move quietly. (Stealth)
((You have sharp claws.))
((You have razor-sharp teeth.))
You have supernaturally acute eyesight. (SInv)
You are carnivorous and can eat meat at any time.
((You cover ground quickly.))
((You are covered in thick fur. (AC +2)))
You have a slow metabolism.
You cannot study or use magical devices.
((Your sharp claws are effective at attacking unaware monsters.))
((You are partially covered in slimy green scales. (AC +2)))
You are somewhat resistant to further mutation.


Message History

You turn into a venomous arachnid creature.
Unknown command.
Casting: Spider Form (safe; 24% risk of failure)
Confirm with . or Enter, or press ? or * to list all spells.
You don't know that spell.
You hit the gnoll.
The gnoll is poisoned.
The gnoll is lightly wounded.
The gnoll misses you.
You hit the gnoll.
The gnoll looks as sick as possible!
The gnoll is moderately wounded.
You barely miss the gnoll.
The gnoll is heavily wounded.
The gnoll hits you with a +0 flail!
* * * LOW HITPOINT WARNING * * *
You hit the gnoll.
The gnoll is almost dead.
You kill the gnoll!
Unknown command.
n - 6 scrolls of identify (gained 1)
You see here a +0 flail.
There isn't anything to butcher here.
You see here a +0 spear.
There isn't anything to butcher here.
You start resting.
Eating one of 2 chunks of flesh.
You eat one of the 2 chunks of flesh.
This raw flesh tastes great.
Your transformation is almost over.
You start resting.
You start resting.
Your transformation has ended.
You start resting.
Magic restored.
You start resting.
All of the chunks of flesh in your inventory have rotted away.
The orc priest is too close now for your liking.
An orc priest is nearby!
Unknown command.
The orc priest shouts!
Casting: Spider Form (safe; 10% risk of failure)
Confirm with . or Enter, or press ? or * to list all spells.
You turn into a venomous arachnid creature.
You hit the orc priest.
The orc priest is poisoned.
The orc priest is lightly wounded.
The orc priest calls down the wrath of Beogh upon you.
Beogh smites you!
* * * LOW HITPOINT WARNING * * *
You bite the orc priest!
The orc priest looks as sick as possible!
The orc priest is severely wounded.
The orc priest calls down the wrath of Beogh upon you.
Beogh smites you!
You die...

## ##..... #..#...... #
..#...... ## #......_.. .##
#..#...... ..# #..#...... ..#
###### #..##..... ..#
####o...## #..####)## .##
####..)#s...## #......... ##
#..)..######.###......... #
#.....######...........## ..
#....###..##.......<...## # ..
#.....#######.....##.....
#.#.#####...#####....###..####
........)...####...>.##.[##
...#.##.####....####.##.##
#.........##.#..........#


You could see an orc priest.

Vanquished Creatures
  A wraith (Ossuary)
  3 ice beasts (D:5)
  An ogre (D:5)
  A howler monkey (D:4)
  2 crimson imps (D:5)
  A bullfrog zombie (D:5)
  2 hounds
  An orc priest (D:3)
  3 orc wizards
  3 worker ants
  A big kobold zombie (Ossuary)
  A hound zombie (D:5)
  A hound skeleton (D:5)
  3 mummies (Ossuary)
  10 gnolls
  2 adders
  An ooze (D:1)
  3 worms
  2 dart slugs
  4 leopard geckos
  15 orcs
  A ball python (D:5)
  4 bats
  3 giant cockroaches
  7 goblins
  3 hobgoblins
  9 jackals
  4 kobolds
  3 quokkas
  4 frilled lizards
  2 goblin zombies (Ossuary)
  4 hobgoblin zombies (Ossuary)
  3 kobold zombies (Ossuary)
  14 rats
122 creatures vanquished.

Vanquished Creatures (collateral kills)
  Menkaure (D:4)
  A scorpion (D:4)
  A worker ant (D:5)
  An adder (D:3)
  An orc (D:5)
5 creatures vanquished.

Vanquished Creatures (others)
  An orc (D:5)
  A jackal (D:6)
2 creatures vanquished.

Grand Total: 129 creatures vanquished

Notes
Turn   | Place    | Note
-------+----------+-------------------------------------------
     0 | D:1      | Flugkiller the Felid Transmuter began the quest for the
                  | Orb.
     0 | D:1      | Reached XP level 1. HP: 9/9 MP: 4/4
   617 | D:1      | Reached XP level 2. HP: 12/12 MP: 4/6
   935 | D:1      | Learned a level 2 spell: Sticks to Snakes
  1181 | D:2      | Reached skill level 1 in Stealth
  1877 | D:2      | Reached XP level 3. HP: 11/15 MP: 5/7
  2293 | D:2      | Learned a level 3 spell: Spider Form
  2697 | D:2      | Found a radiant altar of Vehumet.
  2737 | D:2      | Found an iron altar of Okawaru.
  3260 | D:2      | Reached skill level 3 in Transmutations
  3278 | D:2      | Reached XP level 4. HP: 19/19 MP: 3/8
  3530 | D:3      | Gained mutation: You are partially covered in slimy green
                  | scales. (AC +2) [potion of mutation]
  3530 | D:3      | Gained mutation: You are somewhat resistant to further
                  | mutation. [potion of mutation]
  3788 | D:3      | Found a faded altar of an unknown god.
  3812 | D:3      | Reached skill level 4 in Transmutations
  3893 | D:3      | Found a sacrificial altar of Ru.
  3899 | D:3      | Became a worshipper of Ru the Awakened
  4298 | D:3      | Reached XP level 5. HP: 15/22 MP: 4/9
  5161 | D:4      | You fall into a shaft and drop 1 floor!
  5161 | D:5      | Entered Level 5 of the Dungeon
  5206 | D:4      | Noticed a phantom
  5264 | D:4      | Noticed Menkaure
  5335 | D:4      | Killed from afar by Menkaure
  5336 | D:4      | Reached XP level 4. HP: -2/19 MP: 5/8
  5377 | D:4      | Killed Menkaure
  5377 | D:4      | Reached XP level 5. HP: 20/23 MP: 3/9
  7234 | D:4      | Gained mutation: You are covered in thick fur. (AC +2)
                  | [Felid growth]
  7234 | D:4      | Reached XP level 6. HP: 27/27 MP: 3/10
  7552 | D:5      | Noticed an ice beast
  7572 | D:5      | Reached skill level 5 in Unarmed Combat
  7596 | D:5      | Noticed an ice beast
  7600 | D:5      | Gained mutation: You cannot study or use magical devices.
                  | [Ru sacrifice]
  7600 | D:5      | Reached * piety under Ru
  7600 | D:5      | Reached ** piety under Ru
  7654 | D:5      | Noticed an ice beast
  7668 | D:5      | Found a shattered altar of Ashenzari.
  7813 | D:5      | Found the +9 staff of Olgreb {rPois}
  7817 | D:5      | Found a runed translucent gate.
  7817 | D:5      | Found a runed translucent gate.
  7818 | D:5      | Found a runed translucent door.
  7820 | D:5      | Noticed a soldier ant
  7856 | D:5      | Found a runed translucent gate.
  7859 | D:5      | Noticed a water moccasin
  8121 | D:5      | Killed an ice beast
  8121 | D:5      | Reached skill level 5 in Transmutations
  8316 | D:5      | Noticed a soldier ant
  8330 | D:5      | Reached XP level 7. HP: 23/30 MP: 9/12
  8334 | D:5      | Found a runed translucent door.
  8867 | D:5      | Reached skill level 6 in Transmutations
  8898 | D:5      | Slain by an ogre
  8899 | D:5      | Reached XP level 6. HP: -3/27 MP: 6/11
  8928 | D:5      | Reached skill level 7 in Transmutations
  8936 | D:5      | Learned a level 5 spell: Blade Hands
  9047 | D:6      | Found an opulent altar of Gozag.
  9468 | D:6      | Reached XP level 7. HP: 24/30 MP: 0/12
  9473 | D:6      | Found a sand-covered staircase.
  9481 | Ossuary  | Entered an ossuary
  9481 | Ossuary  | Noticed a wraith
  9481 | Ossuary  | Noticed a wraith
  9481 | Ossuary  | Noticed a wraith
 10007 | Ossuary  | Noticed a wraith
 10059 | Ossuary  | Killed a wraith
 10059 | Ossuary  | Reached skill level 8 in Transmutations
 10281 | D:6      | Found a glowing silver altar of Zin.
 10743 | D:6      | Found a white marble altar of Elyvilon.
 11087 | D:6      | Killed from afar by an orc priest

Levels and vault maps discovered:
D:1:      dpeg_arrival_ratfight, layout_rooms
D:2:      layout_basic, fiery_altar_vehumet, first_ration,
          kennysheep_okawaru_gauntlet
D:3:      layout_rooms, chequers_ecumenical_altar_island,
          minmay_splitting_lines, nicolae_ru_awakened_eye
D:4:      layout_basic, hex_tiny, lightli_minifort, uniq_menkaure
D:5:      layout_loops_ring, lemuel_coloured_pillars_altar,
          minmay_guarded_unrand_staff_of_olgreb
D:6:      layout_rooms, lemuel_crystal_altar, lightli_temple_of_fire,
          grunt_gozag_statues, overflow_temple_1_default, old_standard_altar,
          enter_ossuary_2, serial_shops, kennysheep_little_box,
          kennysheep_mini_moat, shop, chequers_serial_rivers_micro_e,
          mumra_transporter_accident, nrook_campfire

Skill      XL: |  1  2  3  4  5  6  7 |
---------------+----------------------+-----
Unarmed Combat | 4 5 |  5.0
Stealth        | 1 2 |  2.0
Transmutations | 3 4 7 8 |  8.6
Dodging        | 4 |  4.7
Fighting       | 2 |  2.9
Spellcasting   | 3 |  3.0

Action                   |  1- 3 |  4- 6 |  7- 9 || total
-------------------------+-------+-------+-------++-------
Melee: Unarmed           |   109 |   266 |   133 ||   508
       Headbutt          |     9 |     1 |       ||    10
       Bite              |     4 |    10 |     4 ||    18
       Punch             |       |     1 |     2 ||     3
 Cast: Beastly Appendage |    14 |     2 |       ||    16
       Sticks to Snakes  |     1 |    22 |     9 ||    32
       Spider Form       |     4 |    34 |    10 ||    48
Invok: Sacrifice Artific |       |     1 |       ||     1
 Abil: End Transformatio |       |     1 |       ||     1
  Use: Scroll            |       |    15 |     2 ||    17
       Potion            |       |     1 |     1 ||     2
 Stab: Sleeping          |     1 |     5 |       ||     6
       Distracted        |       |     1 |     2 ||     3
  Eat: Chunk             |    12 |    24 |     5 ||    41
Armor: Skin              |     7 |    14 |     8 ||    29
Dodge: Dodged            |    86 |   235 |    78 ||   399

Table legend:
 A = Non-vault XP
 B = Vault XP
 C = Vault XP percentage of total XP
 D = Non-vault monster count
 E = Vault monster count
 F = Vault count percentage of total count
                 A         B        C        D         E       F
            +---------+---------+-------+---------+---------+-------
      Total |    1404 |     429 |  23.4 |     106 |      21 |  16.5
            +---------+---------+-------+---------+---------+-------
        D:1 |      26 |       5 |  16.1 |      11 |       5 |  31.2
        D:2 |      82 |       0 |   0.0 |      22 |       0 |   0.0
        D:3 |     125 |       0 |   0.0 |      22 |       0 |   0.0
        D:4 |     158 |     160 |  50.3 |      14 |       3 |  17.6
        D:5 |     801 |       0 |   0.0 |      23 |       0 |   0.0
        D:6 |     212 |       0 |   0.0 |      14 |       0 |   0.0
    Ossuary |       0 |     264 | 100.0 |       0 |      13 | 100.0
            +---------+---------+-------+---------+---------+-------
